 Dungeon Crawl Stone Soup version 0.19-a0-994-g3c636f0 (webtiles) character file.

255 Charly the Covert (level 5, -3/24 HPs)
             Began as a Spriggan Enchanter on July 17, 2016.
             Was an Initiate of Dithmenos.
             Shot with an arrow by a centaur (14 damage)
             ... on level 7 of the Dungeon.
             The game lasted 00:17:26 (1006 turns).

Charly the Covert (Spriggan Enchanter)              Turns: 1006, Time: 00:17:27

Health: -3/24      AC:  3    Str:  4    XL:     5   Next: 91%
Magic:  8/10       EV: 18    Int: 17    God:    Dithmenos [......]
Gold:   67         SH:  0    Dex: 17    Spells: 4 memorised, 0 levels left

rFire  . . .     SeeInvis +     s - +1 dagger (pain)
rCold  . . .     Gourm    .     b - +1 robe
rNeg   + . .     Faith    .     (shield restricted)
rPois  .         Spirit   .     (helmet restricted)
rElec  .         Dismiss  .     (no cloak)
rCorr  .         Reflect  .     (gloves unavailable)
SustAt .         Harm     .     (boots unavailable)
MR     .....                    (no amulet)
Stlth  ++++......               (no ring)
                                n - ring of positive energy

@: very quick, not resistant to hostile enchantments, stealthy
A: unfitting armour, see invisible, herbivore 3, speed 3, slow metabolism 2
a: Renounce Religion


You were on level 7 of the Dungeon.
You worshipped Dithmenos.
Dithmenos was noncommittal.
You were not hungry.

You visited 2 branches of the dungeon, and saw 9 of its levels.

You collected 67 gold pieces.

Inventory:

Hand Weapons
 q - the +0 dagger of the Penguin {antimagic, *Rage rN++ Dex+4}
   (You found it on level 7 of the Dungeon)

   It reduces the magical energy of the wielder, and disrupts the spells and
   magical abilities of those hit.
   Natural abilities and divine invocations are not affected.
   It affects your dexterity (+4).
   It greatly protects you from negative energy.
   It may make you go berserk in combat.
 r - a +0 rapier
 s - a +1 dagger of pain (weapon)
Armour
 b - a +1 robe (worn)
Jewellery
 n - a ring of positive energy (left hand)
Scrolls
 e - a scroll of enchant weapon {unknown}
 f - a scroll of enchant armour {unknown}
 g - a scroll of remove curse {unknown}
 i - a scroll of fog {unknown}
 t - a scroll of identify {unknown}
 u - a scroll of recharging {unknown}
Potions
 h - 3 potions of curing {unknown}
 j - a potion of cancellation {unknown}
 k - a potion of resistance {unknown}
 l - 2 potions of agility {unknown}
 m - a potion of brilliance {unknown}
 o - a potion of mutation {unknown}
 p - a potion of heal wounds {unknown}
Books
 c - a book of Maledictions

   Spells                             Type                      Level
   a - Corona                         Hexes                        1
   b - Ensorcelled Hibernation        Hexes/Ice                    2
   c - Confuse                        Hexes                        3
   d - Tukima's Dance                 Hexes                        3
   e - Dazzling Spray                 Conjuration/Hexes            3
Comestibles
 d - 3 bread rations


   Skills:
 - Level 1.1 Short Blades
 - Level 3.0 Dodging
 + Level 8.0 Stealth
 - Level 2.6 Spellcasting
 + Level 6.1 Hexes


You couldn't memorise any spells.
You knew the following spells:

 Your Spells              Type           Power        Failure   Level  Hunger
a - Corona                Hex            ###....      1%          1    #......
c - Confuse               Hex            ###.....     6%          3    ###....
d - Dazzling Spray        Conj/Hex       ##....       17%         3    ###....
h - Ensorcelled Hibernat  Hex/Ice        ##....       10%         2    ##.....


Dungeon Overview and Level Annotations

Branches:
Dungeon (8/15)             Temple (1/1) D:7
   Lair: D:8-11

Altars:
Ashenzari
Cheibriados
Dithmenos
Elyvilon
Fedhas
Gozag
Hepliaklqana
Kikubaaqudgha
Makhleb
Nemelex Xobeh
Okawaru
Pakellas
Qazlal
Ru
Sif Muna
Trog
Uskayaw
Vehumet
Xom
Yredelemnul
Zin

Annotations:
D:3 matakusis's ghost, amateur DsGl
D:7 exclusion: downstairs
D:8 Joseph; Psyche


Innate Abilities, Weirdness & Mutations

You are tiny and cannot use many weapons and most armour.
You have supernaturally acute eyesight. (SInv)
You are a herbivore.
You cover ground extremely quickly.
You need consume almost no food.


Message History

A centaur comes into view.
The centaur shouts!
There is an open door here.
You close the door.
Drop what? 21/52 slots (_ for help) (? for menu, Esc to quit)
Okay, then.
Drop what? 21/52 slots (_ for help) (? for menu, Esc to quit)
You drop a +1 dagger.
A centaur opens the door.
The centaur wields a glowing shortbow.
It bursts into flame!
The centaur shoots an arrow.
The arrow hits you. The arrow burns you.
Okay, then.
Casting: Ensorcelled Hibernation
Confirm with . or Enter, or press ? or * to list all spells.
Aiming: Ensorcelled Hibernation
Press: ? - help, Shift-Dir - straight line, f - centaur
Aim: a centaur, wielding a shortbow of flaming (chance to defeat MR: 43%)
The centaur resists with some effort.
The centaur shoots an arrow.
The arrow hits you!
Ouch! That really hurt!
You die...

##########....####........####
#..................#'######..##
#..................#..........#
.#......[...........'..........#
.+..................#..........#
.#..................##....###.###
.#....#################'#####....
.#....#...#.<.c'.....#.........#.
.#....'...#....#@....#.........+
'#....#...#c...#.....#.........#
......#...#....##...##.....##..#
......#...##... #...#########..##
..#######'##...##...##.....##..#.
..+........#........'......#...#.
..#..).....#........#......'...#.
..#.###...################.###'#.
###.########.............#.##....


You could see a centaur.

Vanquished Creatures
  2 ogres (D:7)
  A crimson imp (D:7)
  A gnoll (D:3)
  2 adders
  A worm (D:3)
  2 dart slugs
  2 giant geckos
  2 orcs
  2 bats (D:2)
  2 goblins (D:3)
  2 kobolds
  A giant newt (D:4)
  A rat (D:1)
21 creatures vanquished.

Notes
Turn   | Place    | Note
-------+----------+-------------------------------------------
     0 | D:1      | Charly the Spriggan Enchanter began the quest for the Orb.
     0 | D:1      | Reached XP level 1. HP: 9/9 MP: 5/5
   136 | D:3      | Noticed matakusis's ghost (amateur DsGl)
   138 | D:3      | Reached XP level 2. HP: 12/13 MP: 6/6
   167 | D:3      | Learned a level 2 spell: Ensorcelled Hibernation
   181 | D:3      | Reached skill level 5 in Stealth
   289 | D:3      | Reached XP level 3. HP: 16/16 MP: 1/8
   458 | D:4      | Learned a level 3 spell: Confuse
   485 | D:5      | Entered Level 5 of the Dungeon
   602 | D:7      | Reached skill level 6 in Stealth
   602 | D:7      | Reached skill level 5 in Hexes
   602 | D:7      | Reached XP level 4. HP: 21/21 MP: 0/9
   659 | D:7      | Got a dazzling dagger
   660 | D:7      | Identified the +0 dagger of the Penguin {antimagic, *Rage rN++ Dex+4} (You found it on level 7 of the Dungeon)
   700 | D:7      | Noticed an ogre
   703 | D:7      | Killed an ogre
   703 | D:7      | Reached skill level 7 in Stealth
   703 | D:7      | Reached XP level 5. HP: 24/24 MP: 6/10
   782 | D:7      | Found a staircase to the Ecumenical Temple.
   789 | Temple   | Entered the Ecumenical Temple
   823 | Temple   | Became a worshipper of Dithmenos the Shadowed
   871 | D:7      | Learned a level 3 spell: Dazzling Spray
   930 | D:7      | Noticed an ogre
   933 | D:7      | Killed an ogre
   933 | D:7      | Reached skill level 8 in Stealth
   936 | D:8      | Noticed Joseph
   936 | D:8      | Noticed an ogre
   936 | D:8      | Noticed an orc warrior
   937 | D:8      | Noticed a wolf
   937 | D:8      | Noticed Psyche
   945 | D:7      | Charly: hmmm
   945 | D:7      | Charly: shafts gone
   945 | D:7      | Charly: undoable staircases
   945 | D:7      | Charly: guess thats it
   945 | D:7      | tstbtto: hatches?
   945 | D:7      | Charly: only chance I guess
   949 | D:7      | tstbtto: are they guaranteed?
   960 | D:7      | Charly: no
  1002 | D:7      | Noticed a centaur
  1006 | D:7      | Shot with an arrow by a centaur

Vault maps used:
D:1:      saegor_arrival_simple_a, roderic_lattice_a, minmay_tree_intersection
D:3:      lemuel_castle_with_subvaults, hex_tiny, kennysheep_potato
D:4:      first_bread, uniq_crazy_yiuf_cottage, uniq_eustachio, uniq_grinder
D:5:      kennysheep_mini_moat, serial_shops, nicolae_shop_statue_plus,
          uniq_duvessa, uniq_menkaure, uniq_prince_ribbit1
D:8:      dpeg_lair_monsters, uniq_grum, uniq_joseph, uniq_psyche
Temple:   grunt_wide_crystal_templ

Skill      XL: |  1  2  3  4  5 |
---------------+----------------+-----
Hexes          | 4 5 6 |  6.1
Stealth        | 5 6 7 8 |  8.0
Short Blades   | |  1.1
Dodging        | |  3.0
Spellcasting   | |  2.6

Action                   |  1- 3 |  4- 6 || total
-------------------------+-------+-------++-------
Melee: Dagger            |    40 |     9 ||    49
 Cast: Ensorcelled Hiber |    11 |     3 ||    14
 Stab: Sleeping          |    11 |     4 ||    15
Armor: Robe              |     2 |       ||     2
Dodge: Dodged            |    23 |     5 ||    28
